 Dungeon Crawl Stone Soup version 0.29-a0-575-g0dc89cf053 (webtiles) character file.

Game seed: 2254423824196341743

497 xian the Conjurer (level 6, -7/32 HPs)
             Began as a Deep Elf Conjurer on June 12, 2022.
             Shot with an arrow by a centaur (9 damage)
             ... on level 5 of the Dungeon.
             The game lasted 00:10:08 (5068 turns).

xian the Conjurer (Deep Elf Conjurer)               Turns: 5068, Time: 00:10:08

Health: -7/32      AC:  7    Str: 10    XL:     6   Next: 93%
Magic:  16/17      EV: 12    Int: 25    God:
Gold:   232        SH:  0    Dex: 13    Spells: 14/17 levels left

rFire   . . .      SeeInvis .   r - +5 dire flail (vorpal)
rCold   . . .      Faith    .   (shield currently unavailable)
rNeg    . . .      Spirit   .   a - +1 robe
rPois   .          Reflect  .   (no helmet)
rElec   .          Harm     .   (no cloak)
rCorr   .          Rampage  .   (no gloves)
Will    .....                   (no boots)
Stlth   ++........              (no amulet)
HPRegen 0.10/turn               j - +4 ring of protection
MPRegen 0.15/turn               m - +6 ring of strength

@: no status effects
A: no striking features
a: no special abilities


You were on level 5 of the Dungeon.
You visited 1 branch of the dungeon, and saw 5 of its levels.
You also visited: Sewer.

You collected 232 gold pieces.

Inventory:

Hand Weapons
 r - a +5 vorpal dire flail (weapon)
Armour
 a - a +1 robe (worn)
Jewellery
 i - a ring of protection from cold
 j - a +4 ring of protection (left hand)
 m - a +6 ring of strength (right hand)
 q - a ring of positive energy
 s - a ring of willpower
Wands
 l - a wand of iceblast (3)
Scrolls
 g - 9 scrolls of teleportation
 k - 2 scrolls of silence
 o - a scroll of enchant weapon
 t - a scroll of amnesia
Potions
 b - 3 potions of magic
 c - a potion of brilliance {unknown}
 d - 2 potions of ambrosia
 e - 4 potions of haste
 f - 4 potions of curing
 h - 3 potions of heal wounds
 n - a potion of mutation {unknown}
 u - a potion of flight {unknown}
 w - a potion of attraction {unknown}


   Skills:
 + Level 0.2 Fighting
 + Level 3.0 Dodging
 + Level 3.9 Stealth
 + Level 6.0 Spellcasting
 + Level 7.3 Conjurations


You had 14 spell levels left.
You knew the following spells:

 Your Spells              Type           Power      Damage    Failure   Level
a - Magic Dart            Conj           100%       1d8       1%          1
b - Searing Ray           Conj           88%        2d7       1%          2

Your spell library contained the following spells:

 Spells                   Type           Power      Damage    Failure   Level
 Dazzling Flash           Conj/Hex       50%        N/A       4%          3
 Slow                     Hex            28%        N/A       8%          1
 Fulminant Prism          Conj/Hex       12%        3d9       16%         4
 Iskenderun's Mystic Bla  Conj/Tloc      25%        2d7       16%         4
 Confusing Touch          Hex            7%         N/A       22%         3
 Vampiric Draining        Necr           7%         2d6       22%         3
 Corpse Rot               Necr/Pois/Air  7%         N/A       58%         4
 Dispel Undead            Necr           7%         3d8       58%         4
 Death Channel            Necr           3%         N/A       100%        6


Dungeon Overview and Level Annotations

Branches:
Dungeon (5/15)              Sewer (visited)
 Temple: D:4-7

Altars:
Ashenzari
Okawaru
Trog
Vehumet
Zin

Shops:
D:4 ?*


Message History

Moving in this stuff is going to be slow.
As you read the scroll labelled UPSOFIXYKO, it crumbles to dust.
It was a scroll of blinking.
Done exploring.
You enter the shallow water.
Moving in this stuff is going to be slow.
You enter the shallow water.
Moving in this stuff is going to be slow.
You enter the shallow water.
Moving in this stuff is going to be slow.
You enter the shallow water.
Moving in this stuff is going to be slow.
You enter the shallow water.
Moving in this stuff is going to be slow.
You enter the shallow water.
Moving in this stuff is going to be slow.
You enter the shallow water.
Moving in this stuff is going to be slow.
There is a gate leading back out of this place here.
Welcome back to the Dungeon!
There is a collapsed entrance here.
The magic dart hits the centaur.
The centaur is lightly wounded.
The centaur shouts!
The centaur wields a +0 shortbow.
The centaur shoots an arrow.
The arrow barely misses you.
The magic dart hits the centaur but does no damage.
The centaur is lightly wounded.
The centaur shoots an arrow.
The arrow hits you!
An iguana comes into view.
The centaur shoots an arrow.
The arrow hits you.
You enter the shallow water.
Moving in this stuff is going to be slow.
The centaur shoots an arrow.
The arrow hits you!
The centaur shoots an arrow.
The arrow hits you.
* * * LOW HITPOINT WARNING * * *
The centaur shoots an arrow.
The arrow hits you.
* * * LOW HITPOINT WARNING * * *
The centaur shoots an arrow.
The arrow hits you!
You die...

####.##≈≈≈≈≈##.##
#....≈≈..c..≈≈..#
.....≈≈.....≈≈...
##....≈≈.≈........ #
...#.≈≈....≈≈≈... ..##.
#.≈≈.....≈≈...
>...##.##≈≈.≈≈##... .##..
#....##≈≈.≈≈##.#. ..... ###
#.#...@........###.....
...#.#.....÷.#..####....#
#.#.)..##?.###..# #....#
#.........## #.###....#
###......## #..##..#.#
####.....##...#####.....#.##
.....#.#.####....#..........
##........# ###............
.........# ###.###......


You could see a centaur.

Vanquished Creatures
  Edmund (D:4)
  A hound (D:4)
  A gnoll shaman (D:4)
  A jelly (D:5)
  An iguana (D:4)
  Terence (D:2)
  3 gnolls (D:4)
  8 adders
  5 river rats
  2 ufetubi (D:5)
  A worm (D:2)
  A dart slug (D:2)
  10 orcs
  4 ball pythons
  2 bats
  4 endoplasms
  3 giant cockroaches
  11 goblins
  6 hobgoblins
  6 jackals
  5 kobolds
  2 quokkas
  5 frilled lizards
  14 rats
98 creatures vanquished.

Notes
Turn   | Place    | Note
-------+----------+-------------------------------------------
     0 | D:1      | xian the Deep Elf Conjurer began the quest for the Orb.
     0 | D:1      | Reached XP level 1. HP: 10/10 MP: 6/6
   289 | D:1      | Reached XP level 2. HP: 15/15 MP: 1/8
   667 | D:1      | Reached skill level 5 in Conjurations
   893 | D:2      | Learned a level 2 spell: Searing Ray
  1100 | D:2      | Reached XP level 3. HP: 19/19 MP: 2/9
  1381 | D:2      | Noticed Terence
  1388 | D:2      | Killed Terence
  1746 | D:2      | Reached XP level 4. HP: 24/24 MP: 8/11
  1805 | D:2      | Found a faded altar of an unknown god.
  2055 | D:3      | Found an iron altar of Okawaru.
  2167 | D:3      | Found a faded altar of an unknown god.
  2290 | D:3      | Reached skill level 6 in Conjurations
  3172 | D:4      | Reached XP level 5. HP: 28/28 MP: 7/13
  3330 | D:4      | Found a broken altar of Ashenzari.
  3582 | D:4      | Noticed Edmund
  3592 | D:4      | Killed Edmund
  3593 | D:4      | Reached skill level 5 in Spellcasting
  3593 | D:4      | Reached XP level 6. HP: 32/32 MP: 6/16
  3873 | D:4      | Found a radiant altar of Vehumet.
  4043 | D:4      | Found Ceoh's Fire Supplies.
  4095 | D:4      | Found Mevies's Magic Scroll Shop.
  4180 | D:4      | Found a bloodstained altar of Trog.
  4183 | D:4      | Found a glowing silver altar of Zin.
  4250 | D:5      | Entered Level 5 of the Dungeon
  4416 | D:5      | Found a glowing drain.
  4426 | D:5      | Reached skill level 7 in Conjurations
  4435 | Sewer    | Entered a sewer
  5068 | D:5      | Shot with an arrow by a centaur

Illustrated notes

Levels and vault maps discovered:
D:1:      zaba_arrival_water, layout_loops_ring
D:2:      layout_rooms, hellmonk_ecumenical_altar_dog_temple, uniq_terence
D:3:      layout_basic, okawaru_gym_becter, nicolae_overflow_ecumenical_swirl
D:4:      layout_loops_ring, nicolae_ashenzari_panopticon,
          nicolae_vehumet_altar_sigil,
          chequers_temple_overflow_statue_of_worship, serial_shops,
          nicolae_shop_trees, nicolae_shop_fire_sale [nicolae_sub_dead_trees],
          uniq_edmund
D:5:      layout_rooms, nicolae_dithmenos_the_darkroom,
          minmay_temple_entry_stoned_glass, cheibrodos_sewer_entry_sluice,
          corexii_leaking_fountain, minmay_misc_feat_square, uniq_pikel

Skill      XL: |  1  2  3  4  5  6 |
---------------+-------------------+-----
Conjurations   | 5 6 7 |  7.3
Stealth        | 3 |  3.9
Spellcasting   | 4 5 6 |  6.0
Dodging        | 3 |  3.0
Fighting       | |  0.2

Action                   |  1- 3 |  4- 6 || total
-------------------------+-------+-------++-------
Melee: Dagger            |       |     5 ||     5
 Cast: Magic Dart        |    58 |   105 ||   163
       Searing Ray       |     2 |    15 ||    17
  Use: Scroll            |     7 |     9 ||    16
Armor: Robe              |     3 |     5 ||     8
Dodge: Dodged            |     3 |    13 ||    16

Table legend: (Time is in decaauts)
 A = Elapsed time spent in this place.
 B = Non-inter-level travel time spent in this place.
 C = Inter-level travel time spent in this place.
 D = Time resting spent in this place.
 E = Time spent auto-exploring this place.
 F = Levels seen in this place.
 G = Mean time per level.
                   A        B        C        D        E       F      G
               +--------+--------+--------+--------+--------+-----+--------+
         Total |   5114 |   4958 |    156 |    598 |   3798 |   6 |  852.3 |
       Dungeon |   4446 |   4290 |    156 |    598 |   3252 |   5 |  889.2 |
         Sewer |    667 |    667 |      0 |      0 |    546 |   1 |  667.0 |
               +--------+--------+--------+--------+--------+-----+--------+

Top non-repeatable levels by time:
     D:4: 1408 daAuts
     D:2: 1188 daAuts
     D:1: 874 daAuts
     D:3: 782 daAuts
   Sewer: 667 daAuts
     D:5: 192 daAuts
